 Dungeon Crawl Stone Soup version 0.26-a0-8-gc4d20be10f (webtiles) character file.

Game seed: 4993517679260556625, levelgen mode: deterministic

24509 gruber the Arsonist (level 13, -11/63 HPs)
             Began as a Gargoyle Fire Elementalist on May 24, 2020.
             Was an Elder of Vehumet.
             Mangled by a shadow (17 damage)
             ... on level 13 of the Dungeon.
             The game lasted 00:34:11 (21014 turns).

gruber the Arsonist (Gargoyle Fire Elementalist)   Turns: 21014, Time: 00:34:11

Health: -11/63     AC: 22    Str: 13    XL:     13   Next: 13%
Magic:  0/28       EV: 11    Int: 29    God:    Vehumet [****..]
Gold:   689        SH:  0    Dex:  5    Spells: 8/34 levels left

rFire    . . .     SeeInvis .   E - +1 quarterstaff of Melaec {protect, *Rage rPois Int+3}
rCold    . . .     Gourm    .   (shield currently unavailable)
rNeg     + . .     Faith    .   F - +1 leather armour of Agnosticism {rPois MR+ Dex-5} (curse)
rPois    ∞         Spirit   +   q - +0 helmet
rElec    +         Reflect  .   (no cloak)
rCorr    .         Harm     .   H - +0 pair of gloves
MR       +....     Rnd*Rage +   y - +2 pair of boots
Stlth    +.........             K - amulet of guardian spirit
HPRegen  0.20/turn              S - +6 ring of intelligence
MPRegen  0.21/turn              o - +4 ring of protection (curse)

@: berserk cooldown
A: negative energy resistance 1, electricity resistance, unbreathing,
petrification resistance, rot immunity, AC +9
a: Renounce Religion


You were on level 13 of the Dungeon.
You worshipped Vehumet.
Vehumet was greatly pleased with you.
You were not hungry.

You visited 2 branches of the dungeon, and saw 14 of its levels.
You also visited: Ossuary.

You collected 689 gold pieces.

Inventory:

Hand Weapons
 E - the +1 quarterstaff of Melaec (weapon) {protect, *Rage rPois Int+3}
   (You found it on level 5 of the Dungeon)

   It grants its wielder temporary protection when it strikes (+7 to AC).
   It affects your intelligence (+3).
   It protects you from poison.
   It may make you go berserk in combat.
Missiles
 f - 8 curare-tipped darts (quivered)
 D - 2 atropa-tipped darts
Armour
 a - a +0 robe
 m - a +0 pair of gloves
 q - a +0 helmet (worn)
 y - a +2 pair of boots (worn)
 F - the cursed +1 leather armour of Agnosticism (worn) {rPois MR+ Dex-5}
   (You found it on level 5 of the Dungeon)

   It affects your dexterity (-5).
   It protects you from poison.
   It affects your resistance to hostile enchantments.
   It has a curse placed upon it.
 H - a +0 pair of gloves (worn)
Jewellery
 n - an uncursed ring of fire
 o - a cursed +4 ring of protection (right hand)
 K - an amulet of guardian spirit (around neck)
 M - an uncursed amulet of magic regeneration {unknown}
 N - an uncursed ring of flight
 S - a +6 ring of intelligence (left hand)
Wands
 J - a wand of clouds (5)
 P - a wand of digging (5)
 Q - a wand of iceblast (5)
 U - a wand of random effects (4)
Scrolls
 d - 3 scrolls of fear {unknown}
 e - 9 scrolls of remove curse {unknown}
 i - 14 scrolls of identify {unknown}
 j - 9 scrolls of teleportation {unknown}
 k - 2 scrolls of amnesia {unknown}
 l - 2 scrolls of magic mapping {unknown}
 p - 2 scrolls of random uselessness {unknown}
 r - 3 scrolls of blinking {unknown}
 s - a scroll of immolation {unknown}
 w - a scroll of noise {unknown}
 C - 4 scrolls of fog {unknown}
 G - 2 scrolls of enchant weapon {unknown}
 I - 4 scrolls of enchant armour {unknown}
 R - a scroll of acquirement {unknown}
 T - a scroll of holy word {unknown}
Potions
 b - 2 potions of mutation {unknown}
 g - 5 potions of heal wounds {unknown}
 h - 7 potions of flight {unknown}
 t - 6 potions of might
 u - 3 potions of degeneration {unknown}
 v - 5 potions of curing {unknown}
 x - 2 potions of haste
 z - 3 potions of magic {unknown}
 A - a potion of ambrosia {unknown}
 B - 2 potions of brilliance {unknown}
 L - a potion of cancellation {unknown}
 O - 2 potions of invisibility
 V - a potion of stabbing {unknown}
Comestibles
 c - 26 rations
 W - 5 chunks of flesh


   Skills:
 - Level 1.5 Dodging
 - Level 2.1 Stealth
 - Level 11.2 Spellcasting
 - Level 8.1 Conjurations
 * Level 6.7 Necromancy
 - Level 2.0 Translocations
 - Level 12.0 Fire Magic
 - Level 2.0 Ice Magic
 - Level 4.4 Air Magic
 - Level 6.1 Earth Magic
 - Level 2.0 Poison Magic


You had 8 spell levels left.
You knew the following spells:

 Your Spells              Type           Power        Failure   Level  Hunger
a - Foxfire               Conj/Fire      ####         1%          1    None
b - Conjure Flame         Conj/Fire      ######..     1%          3    None
c - Sticky Flame          Conj/Fire      ######..     1%          4    None
d - Fireball              Conj/Fire      ######....   1%          5    ###....
e - Mephitic Cloud        Conj/Pois/Air  #####...     1%          3    None
f - Blink                 Tloc           N/A          2%          2    None
g - Frozen Ramparts       Ice            ####..       1%          3    None
h - Borgnjor's Vile Clut  Necr/Erth      ######....   9%          5    ###....

Your spell library contained the following spells:

 Spells                   Type           Power        Failure   Level  Hunger
 Hailstorm                Conj/Ice       #####...     1%          4    None
 Magic Dart               Conj           ####         1%          1    None
 Shock                    Conj/Air       ####         1%          1    None
 Inner Flame              Hex/Fire       ######..     1%          3    None
 Static Discharge         Conj/Air       ######..     1%          3    None
 Airstrike                Air            #####.....   1%          4    None
 Swiftness                Chrm/Air       ####....     2%          2    None
 Lightning Bolt           Conj/Air       ######....   2%          5    ###....
 Ensorcelled Hibernation  Hex/Ice        ###...       4%          2    None
 Call Imp                 Summ           ###.....     6%          2    None
 Slow                     Hex            ###.....     6%          2    None
 Silence                  Hex/Air        ####......   43%         5    ###....
 Darkness                 Hex            ###.......   100%        6    #####..
 Shadow Creatures         Summ           N/A          100%        6    #####..


Dungeon Overview and Level Annotations

Branches:
Dungeon (13/15)            Temple (1/1) D:4            Lair (0/6) D:11
    Orc (0/2) D:9         Ossuary (visited)
 Vaults: D:13-14

Altars:
Ashenzari
Cheibriados
Dithmenos
Elyvilon
Fedhas
Gozag
Hepliaklqana
Kikubaaqudgha
Makhleb
Nemelex Xobeh
Okawaru
Qazlal
Ru
Sif Muna
Trog
Uskayaw
Vehumet
Wu Jian
Xom
Yredelemnul
Zin
The Shining One
Beogh

Annotations:
D:13 4 runed translucent doors, Protee's ghost, journeyman GnFi


Innate Abilities, Weirdness & Mutations

You are resistant to torment.
Your stone body is resilient. (AC +9)
You are immune to poison.
You resist negative energy. (rN+)
You are resistant to electric shocks. (rElec)
You can survive without breathing.
You are immune to petrification.
You are immune to rotting.


Message History

Unknown command.
Evoke which item? (* to show all) (? for menu, Esc to quit)
Aiming: Random Effects
Press: ? - help, Shift-Dir - straight line, f/p - shadow
Aim: a shadow (almost destroyed)
The bolt of negative energy hits the shadow.
The shadow completely resists.
The shadow is almost destroyed.
The shadow slips into darkness.
The shadow flickers and vanishes!
Deactivating autopickup; reactivate with Ctrl-A.
Unknown command.
Unknown command.
Unknown command.
Evoke which item? (* to show all) (? for menu, Esc to quit)
Aiming: Random Effects
Press: ? - help, Shift-Dir - straight line Nothing appears to happen.
The shadow strikes at you from the darkness!
You die...

.# ###.... ######.# .
##......
.......####### .
##.......
#.{(###....## #.
##..##....
##()(((......##
#.###..###....
#.()########..##
#.##..####..## ...).#
##..## #....####..##
###..#
##{.###...####(.##
##.# ##@.##...###..##
..# ##.......#..## ..#
#.........(# #.#
#####.......(.(### ..
........).....(...####
#########..###........
#..DoH. #.## #....##..
#.$!!).c#.## #..### #
#.....cH#..###..#


There were no monsters in sight!

Vanquished Creatures
  Snorg (D:12)
  4 centaur warriors (D:13)
  2 two-headed ogres (D:11)
  2 unseen horrors (D:13)
  Pikel (D:8)
  A wolf spider zombie (D:12)
  3 manticores
  3 ugly things
  2 cyclopes
  Joseph (D:10)
  Psyche (D:12)
  A gargoyle (D:10)
  Maggie (D:8)
  An efreet (D:13)
  A tengu conjurer (D:13)
  A troll (D:12)
  2 hornets
  5 hippogriffs
  A redback (D:13)
  A human (D:9)
  A vampire (D:10)
  A wyvern (D:10)
  Eustachio (D:6)
  15 yaks
  A basilisk (D:12)
  2 vampire mosquitoes (D:13)
  A hungry ghost (D:12)
  Menkaure (Ossuary)
  An acid dragon (D:12)
  A water moccasin (D:10)
  3 sky beasts
  A black bear (D:10)
  5 ice beasts
  A necrophage (D:7)
  8 orc warriors
  4 ogres
  2 phantoms
  10 centaurs
  An eye of draining (D:13)
  3 big kobolds
  3 crocodiles
  14 bullfrogs
  9 scorpions
  A troll zombie (Ossuary)
  7 killer bees
  5 wights (D:10)
  2 howler monkeys
  4 crimson imps
  3 centaur zombies
  6 bullfrog zombies
  A quasit (D:11)
  3 hounds
  A human zombie (Ossuary)
  5 jellies
  A bullfrog skeleton (D:5)
  7 orc priests
  13 orc wizards
  5 centaur skeletons
  2 iguanas
  10 worker ants
  2 killer bee zombies
  3 ogre zombies (Ossuary)
  A big kobold zombie (Ossuary)
  A human simulacrum (D:9)
  5 mummies (Ossuary)
  A howler monkey skeleton (D:10)
  13 adders
  4 shadow imps
  3 oozes
  9 adder zombies
  2 adder skeletons (D:5)
  3 worms
  3 dart slugs
  11 leopard geckos
  72 orcs
  4 ball pythons
  5 giant cockroaches
  A gnoll zombie (Ossuary)
  8 goblins
  7 hobgoblins
  3 jackals (D:1)
  8 quokkas
  7 bats
  2 frilled lizards (D:2)
  3 giant cockroach zombies (D:5)
  2 goblin zombies (Ossuary)
  2 hobgoblin zombies (Ossuary)
  22 kobolds
  A kobold zombie (Ossuary)
  An orc zombie (Ossuary)
  A quokka skeleton (D:7)
  8 quokka zombies
  9 rats
  4 rat zombies (Ossuary)
  A foxfire (D:13)
  A plant (D:11)
433 creatures vanquished.

Vanquished Creatures (collateral kills)
  A killer bee (D:13)
  A mummy (Ossuary)
  A frilled lizard (D:1)
  A rat zombie (Ossuary)
4 creatures vanquished.

Vanquished Creatures (others)
  An unseen horror (D:13)
  3 centaur skeletons (D:13)
  An ogre (D:8)
  An eye of draining (D:13)
  A killer bee (D:8)
  A crimson imp (D:8)
  An orc priest (D:9)
  A hound zombie (D:8)
  A human simulacrum (D:9)
  A worker ant zombie (D:8)
  2 adders (D:8)
  An orc (D:9)
  A leopard gecko zombie (D:8)
  2134 foxfires
  2 fungi (D:11)
2152 creatures vanquished.

Grand Total: 2589 creatures vanquished

Notes
Turn   | Place    | Note
-------+----------+-------------------------------------------
     0 | D:1      | gruber the Gargoyle Fire Elementalist began the quest for
                  | the Orb.
     0 | D:1      | Reached XP level 1. HP: 10/10 MP: 3/3
   107 | D:1      | Reached XP level 2. HP: 6/15 MP: 0/5
   811 | D:1      | Reached XP level 3. HP: 19/19 MP: 2/7
  1938 | D:2      | Reached XP level 4. HP: 21/24 MP: 0/9
  2746 | D:2      | Reached XP level 5. HP: 23/28 MP: 1/10
  2876 | D:2      | Learned a level 3 spell: Conjure Flame
  2881 | D:2      | Learned a level 4 spell: Sticky Flame
  4321 | D:4      | Found a sand-covered staircase.
  4326 | Ossuary  | Entered an ossuary
  4348 | Ossuary  | Reached XP level 6. HP: 25/32 MP: 6/12
  4673 | Ossuary  | Noticed Menkaure
  4793 | Ossuary  | Killed Menkaure
  4793 | Ossuary  | Reached skill level 5 in Conjurations
  4940 | Ossuary  | Reached XP level 7. HP: 25/36 MP: 6/14
  5207 | Ossuary  | Reached skill level 5 in Spellcasting
  5886 | D:4      | Found a staircase to the Ecumenical Temple.
  6648 | Temple   | Entered the Ecumenical Temple
  6703 | Temple   | Became a worshipper of Vehumet
  6753 | D:5      | Entered Level 5 of the Dungeon
  6766 | D:5      | Reached XP level 8. HP: 41/41 MP: 8/16
  7227 | D:5      | Found an opulent altar of Gozag.
  7432 | D:5      | Reached * piety under Vehumet
  7432 | D:5      | Offered knowledge of Magic Dart by Vehumet.
  7549 | D:5      | Reached skill level 4 in Fire Magic
  7562 | D:5      | Got an ichor-stained leather armour
  7576 | D:5      | Reached skill level 5 in Fire Magic
  7597 | D:5      | Identified the cursed +1 leather armour of Agnosticism
                  | {rPois MR+ Dex-5} (You found it on level 5 of the Dungeon)
  7878 | D:5      | Found a glowing silver altar of Zin.
  7905 | D:5      | Reached skill level 6 in Fire Magic
  7910 | D:5      | Got a crude quarterstaff
  7923 | D:5      | Identified the +1 quarterstaff of Melaec {protect, *Rage
                  | rPois Int+3} (You found it on level 5 of the Dungeon)
  8092 | D:6      | Learned a level 5 spell: Fireball
  8134 | D:6      | Reached XP level 9. HP: 45/45 MP: 13/18
  8176 | D:6      | Found a stormy altar of Qazlal.
  8385 | D:6      | Noticed Eustachio
  8403 | D:6      | Killed Eustachio
  8557 | D:6      | Reached skill level 7 in Fire Magic
  8722 | D:6      | Found a glowing golden altar of the Shining One.
  9136 | D:7      | Reached skill level 8 in Fire Magic
  9314 | D:7      | Reached ** piety under Vehumet
  9314 | D:7      | Offered knowledge of Sandblast by Vehumet.
  9403 | D:7      | Reached skill level 9 in Fire Magic
  9558 | D:7      | Reached skill level 10 in Fire Magic
  9558 | D:7      | Reached XP level 10. HP: 40/50 MP: 1/19
  9929 | D:7      | Found a basalt altar of Yredelemnul.
  9947 | D:7      | Found a shimmering altar of Xom.
 10042 | D:7      | Found a white marble altar of Elyvilon.
 10042 | D:7      | Found a sacrificial altar of Ru.
 10065 | D:7      | Found a snail-covered altar of Cheibriados.
 10200 | D:7      | Found a hazy altar of Hepliaklqana.
 10207 | D:8      | Noticed Maggie
 10217 | D:8      | Killed Maggie
 10217 | D:8      | Reached skill level 11 in Fire Magic
 10335 | D:8      | Noticed Pikel
 10363 | D:8      | Killed Pikel
 10499 | D:8      | Offered knowledge of Ignite Poison by Vehumet.
 11044 | D:8      | Reached *** piety under Vehumet
 11049 | D:8      | Learned a level 3 spell: Mephitic Cloud
 11052 | D:8      | Learned a level 2 spell: Blink
 11565 | D:8      | Reached skill level 12 in Fire Magic
 11816 | D:8      | Found a roughly hewn altar of Beogh.
 11953 | D:8      | Offered knowledge of Frozen Ramparts by Vehumet.
 12112 | D:9      | Learned a level 3 spell: Frozen Ramparts
 12155 | D:9      | Found an iron altar of Okawaru.
 12234 | D:9      | Reached skill level 1 in Poison Magic
 12242 | D:9      | Reached skill level 1 in Translocations
 12242 | D:9      | Reached skill level 1 in Air Magic
 12245 | D:9      | Reached skill level 1 in Ice Magic
 12989 | D:9      | Found a staircase to the Orcish Mines.
 13091 | D:9      | Reached **** piety under Vehumet
 13357 | D:9      | Offered knowledge of Bolt of Magma by Vehumet.
 13357 | D:9      | Reached XP level 11. HP: 54/54 MP: 13/20
 13653 | D:9      | You fall into a shaft and drop 3 floors!
 13837 | D:11     | Found a basalt altar of Yredelemnul.
 13922 | D:11     | Noticed a manticore
 13933 | D:11     | Killed a manticore
 14136 | D:11     | Noticed a two-headed ogre
 14148 | D:11     | Killed a two-headed ogre
 14304 | D:11     | Noticed a purple ugly thing
 14329 | D:11     | Killed a purple ugly thing
 14595 | D:10     | Entered Level 10 of the Dungeon
 14806 | D:10     | Noticed Joseph
 14822 | D:10     | Killed Joseph
 15642 | D:10     | Noticed a manticore
 15741 | D:10     | Reached ***** piety under Vehumet
 15754 | D:10     | Offered knowledge of Hailstorm by Vehumet.
 16098 | D:9      | Learned a level 5 spell: Borgnjor's Vile Clutch
 17111 | D:11     | Noticed a two-headed ogre
 17139 | D:11     | Killed a two-headed ogre
 17139 | D:11     | Reached skill level 10 in Spellcasting
 17139 | D:11     | Reached XP level 12. HP: 59/59 MP: 17/26
 17322 | D:11     | Found a staircase to the Lair.
 17672 | D:12     | Noticed Psyche
 17679 | D:12     | Killed Psyche
 18008 | D:12     | Noticed Snorg
 18020 | D:12     | Killed Snorg
 18340 | D:12     | Reached skill level 1 in Earth Magic
 19087 | D:13     | Reached skill level 5 in Earth Magic
 19564 | D:13     | Reached skill level 1 in Necromancy
 19655 | D:13     | Noticed a centaur warrior
 19669 | D:13     | Killed a centaur warrior
 19730 | D:13     | Noticed an ettin
 19856 | D:13     | Found a runed translucent door.
 19856 | D:13     | Noticed a yaktaur captain
 19856 | D:13     | Noticed a fire giant
 19858 | D:13     | Noticed a fire dragon
 19858 | D:13     | Noticed a yaktaur captain
 19858 | D:13     | Noticed a fire giant
 19858 | D:13     | Noticed an ettin
 20122 | D:13     | Noticed a seven-headed hydra
 20343 | D:12     | Reached skill level 5 in Necromancy
 20561 | D:13     | Noticed a centaur warrior
 20572 | D:13     | Killed a centaur warrior
 20572 | D:13     | Reached XP level 13. HP: 57/63 MP: 16/28
 20868 | D:13     | Noticed Protee's ghost (journeyman GnFi)
 20869 | D:13     | Noticed a frost giant
 20870 | D:13     | Found a runed translucent gate.
 20870 | D:13     | Found a runed translucent gate.
 20870 | D:13     | Found a runed translucent gate.
 21014 | D:13     | Mangled by a shadow

Illustrated notes

Levels and vault maps discovered:
D:1:      minmay_arrival_split_and_join, layout_loops_cross
D:2:      layout_loops_cross
D:3:      layout_loops_corners, nicolae_overflow_hidden_temple, first_ration
D:4:      layout_cave_pods, minmay_temple_entry_proselytizer, enter_ossuary_2
D:5:      layout_rooms, zin_academy, basic_altar, serial_undead,
          serial_undead_b, serial_undead_c, serial_undead_a, serial_undead_f
D:6:      layout_loops_cross, grunt_qazlal_clouds, kennysheep_little_box,
          uniq_eustachio
D:7:      layout_cave_pools, lemuel_crystal_altar, old_standard_altar,
          kennysheep_mini, gammafunk_temple_overflow_wave, basic_altar,
          grunt_ogre_cave
D:8:      layout_basic, special_room [special_room_orc],
          minmay_misc_feat_rugged, uniq_maggie, uniq_pikel
D:9:      layout_loops_ring, okawaru_ov_weapons_minmay, erik_orc_4,
          hangedman_decor_clover_reticule, bh_circular_ruins
D:10:     layout_cave_pods, onia_ninara_dug_in_and_dangerous, uniq_joseph
D:11:     layout_irregular_city, grunt_lair_entry_orc_guard_hut,
          yredelemnul_altar_generic
D:12:     layout_roguey, uniq_snorg, uniq_psyche
D:13:     minmay_gate_of_8, layout_layer_cave, gammafunk_ghost_split,
          minmay_the_grid_square_5x5_3x3_mashed
          [minmay_the_grid_square_5x5_checkered_statues,
          minmay_the_grid_square_5x5_beaten_path,
          minmay_the_grid_square_5x5_checkered, minmay_the_grid_square_5x5_meh,
          minmay_the_grid_square_5x5_megaprize_checkered,
          minmay_the_grid_square_5x5_n, minmay_the_grid_square_5x5_two_small,
          minmay_the_grid_square_5x5_inset, minmay_the_grid_square_5x5_three]
Temple:   nicolae_temple_hex_pool

Skill      XL: |  1  2  3  4  5  6  7  8  9 10 11 12 13 |
---------------+----------------------------------------+-----
Spellcasting   | 3 4 5 6 10 11 | 11.2
Conjurations   | 2 3 4 5 7 8 |  8.1
Fire Magic     | 6 10 12 | 12.0
Poison Magic   | 2 |  2.0
Translocations | 2 |  2.0
Air Magic      | 2 4 |  4.4
Ice Magic      | 2 |  2.0
Earth Magic    | 6 |  6.1
Necromancy     | 5 6 |  6.7
Dodging        | |  1.5
Stealth        | |  2.1

Action                   |  1- 3 |  4- 6 |  7- 9 | 10-12 | 13-15 || total
-------------------------+-------+-------+-------+-------+-------++-------
Melee: Unarmed           |    16 |     1 |       |       |       ||    17
       Morningstar       |       |    13 |    67 |       |       ||    80
       Quarterstaff      |       |       |    21 |   113 |    17 ||   151
Throw: Dart              |       |       |       |       |     1 ||     1
 Cast: Foxfire           |    79 |   175 |   367 |   787 |    15 ||  1423
       Sticky Flame      |       |       |     7 |    62 |     5 ||    74
       Frozen Ramparts   |       |       |       |    29 |     2 ||    31
       Mephitic Cloud    |       |       |       |    16 |       ||    16
       Conjure Flame     |       |       |       |     2 |       ||     2
       Fireball          |       |       |       |     1 |       ||     1
       Blink             |       |       |       |     1 |       ||     1
       Borgnjor's Vile C |       |       |       |       |     2 ||     2
Evoke: Wand              |       |       |       |     2 |     6 ||     8
 Stab: Sleeping          |     1 |       |     3 |       |       ||     4
       Confused          |       |       |       |     1 |     1 ||     2
  Eat: Chunk             |     3 |     8 |    13 |    32 |     3 ||    59
       Ration            |       |       |     1 |     1 |       ||     2
Armor: Robe              |     9 |    32 |    40 |       |       ||    81
       Leather armour    |       |       |    74 |   230 |    33 ||   337
Dodge: Dodged            |    19 |    35 |   124 |   180 |    19 ||   377

Table legend:
 A = Non-vault XP
 B = Vault XP
 C = Vault XP percentage of total XP
 D = Non-vault monster count
 E = Vault monster count
 F = Vault count percentage of total count
                 A         B        C        D         E       F
            +---------+---------+-------+---------+---------+-------
      Total |   27849 |    7164 |  20.5 |     335 |     101 |  23.2
            +---------+---------+-------+---------+---------+-------
        D:1 |      56 |       0 |   0.0 |      27 |       0 |   0.0
        D:2 |     113 |       0 |   0.0 |      22 |       0 |   0.0
        D:3 |     116 |       0 |   0.0 |      26 |       0 |   0.0
        D:4 |     252 |      40 |  13.7 |      10 |       1 |   9.1
        D:5 |    1073 |     112 |   9.5 |      35 |       8 |  18.6
        D:6 |     314 |     202 |  39.1 |      13 |       1 |   7.1
        D:7 |    2098 |     122 |   5.5 |      29 |       1 |   3.3
        D:8 |     879 |    1617 |  64.8 |      21 |      27 |  56.2
        D:9 |    2253 |     502 |  18.2 |      32 |      14 |  30.4
       D:10 |    3187 |     475 |  13.0 |      38 |       1 |   2.6
       D:11 |    4287 |     391 |   8.4 |      25 |       4 |  13.8
       D:12 |    5190 |    1557 |  23.1 |      21 |       2 |   8.7
       D:13 |    8031 |    1572 |  16.4 |      36 |       5 |  12.2
    Ossuary |       0 |     574 | 100.0 |       0 |      37 | 100.0
            +---------+---------+-------+---------+---------+-------
